 Dungeon Crawl Stone Soup version 0.17.0-9-g801d43b (console) character file.

154 gw the Insei (level 5, -2/45 HPs)
             Began as a Deep Dwarf Transmuter on Nov 10, 2015.
             Slain by a giant frog (3 damage)
             ... on level 3 of the Dungeon.
             The game lasted 00:05:33 (7131 turns).

gw the Insei (Deep Dwarf Transmuter)                Turns: 7131, Time: 00:05:33

Health: -2/45      AC:  4    Str: 13    XL:     5   Next: 13%
Magic:  8/8        EV: 12    Int: 15    God:
Gold:   131        SH:  0    Dex: 13    Spells: 3 memorised, 1 level left

rFire  . . .     SeeInvis .       - Unarmed
rCold  . . .     Clarity  .     b - +1 leather armour {rPois}
rNeg   . . .     SustAt   .     (no shield)
rPois  +         Gourm    .     (no helmet)
rElec  .         Spirit   .     (no cloak)
rCorr  .         Warding  .     (no gloves)
rMut   .         Stasis   .     (no boots)
MR     .....                    (no amulet)
Stlth  +.........               (no ring)
                                (no ring)

@: appendage (expiring), non-regenerating, not resistant to hostile
enchantments, very unstealthy
A: damage resistance, recharge devices, horns 2, sense surroundings 1, slow
regeneration 3
a: Device Recharging, End Transformation


You were on level 3 of the Dungeon.
You were not hungry.
You had grown temporary horns.
You visited 1 branch of the dungeon, and saw 3 of its levels.

You collected 131 gold pieces.

Inventory:

Missiles
 a - 64 arrows
 f - 53 bolts
Armour
 b - a +1 leather armour of poison resistance (worn)
Wands
 d - a wand of heal wounds (1)
Books
 c - a book of Changes

   Spells                             Type                      Level
   a - Beastly Appendage              Transmutation                1
   b - Sticks to Snakes               Transmutation                2
   c - Spider Form                    Transmutation/Poison         3
   d - Ice Form                       Ice/Transmutation            4
   e - Blade Hands                    Transmutation                5


   Skills:
 + Level 2.0 Fighting
 + Level 2.0 Armour
 - Level 2.1 Dodging
 + Level 3.4 Unarmed Combat
 + Level 2.6 Spellcasting
 * Level 2.5 Transmutations


You had one spell level left.
You knew the following spells:

 Your Spells              Type           Power        Failure   Level  Hunger
a - Beastly Appendage     Trmt           #.....       12%         1    #......
b - Spider Form           Trmt/Pois      #.........   58%         3    ###....
c - Ice Form              Ice/Trmt       #.......     99%         4    #####..


Dungeon Overview and Level Annotations

Branches:
Dungeon (3/15)

Altars:


Innate Abilities, Weirdness & Mutations

You are resistant to damage.
You can recharge devices by infusing magical energy.
You passively map a small area around you.
You do not regenerate naturally.
You have a pair of horns on your head.


Message History

You closely miss the giant frog.
The giant frog is lightly wounded.
The giant frog closely misses you. The giant frog hits you.
Unknown command.
Unknown command.
Unknown command.
Unknown command.
ATTACKING (-1,-1)
You closely miss the giant frog.
The giant frog is lightly wounded.
The giant frog hits you!
Unknown command.
Unknown command.
Unknown command.
Unknown command.
ATTACKING (-1,-1)
You closely miss the giant frog. Your headbutt misses the giant frog.
The giant frog is lightly wounded.
The giant frog hits you.
You die...

#...........%......
##########.........
####* ######.... #...
#.#.. #... ####.###
#..?* ##...[#
#...#########.....###
#..F#........%#......
#...g.........#...#..
#.............###.#..
#.................###
#...............#....
#..)..........+.#...#
#####...........###.#
##########......#
#....#.. ###..#..


You could see a giant frog.

Table legend:
 A = Turns spent in this place as a percentage of turns spent in the entire game.
 B = Non-inter-level travel turns spent in this place as a percentage of non-inter-level travel turns spent in the entire game.
 C = Inter-level travel turns spent in this place as a percentage of turns spent in this place.
 D = Turns resting spent in this place as a percentage of non-inter-level travel turns spent in this place.
 E = Turns spent auto-exploring this place as a percentage of non-inter-level travel turns spent in this place.
 F = Non-inter-level travel turns spent in this place divided by the number of levels of this place that you've seen.
                   A       B       C       D       E      F
               +-------+-------+-------+-------+-------+----------------------
         Total | 100.0 | 100.0 |   0.5 |   1.4 |   1.3 | 2640.3
       Dungeon | 100.0 | 100.0 |   0.5 |   1.4 |   1.3 | 2640.3
               +-------+-------+-------+-------+-------+----------------------

Table legend:
 A = Kills in this place as a percentage of kills in entire the game.
 B = Kills by you in this place as a percentage of kills by you in the entire game.
 C = Kills by friends in this place as a percentage of kills by friends in the entire game.
 D = Other kills in this place as a percentage of other kills in the entire game.
 E = Experience gained in this place as a percentage of experience gained in the entire game.
 F = Experience gained in this place divided by the number of levels of this place that you have seen.
                   A       B       C       D       E      F
               +-------+-------+-------+-------+-------+----------------------
         Total | 100.0 | 100.0 |  -nan |  -nan | 100.0 |  73.3
       Dungeon | 100.0 | 100.0 |  -nan |  -nan | 100.0 |  73.3
               +-------+-------+-------+-------+-------+----------------------

Vanquished Creatures
  A giant frog zombie (D:3)
  A hound zombie (D:3)
  4 adders (D:2)
  An ooze (D:2)
  A worm (D:2)
  2 giant geckos
  3 orcs (D:3)
  A ball python (D:1)
  4 giant cockroaches
  8 goblins
  3 hobgoblins
  4 jackals (D:2)
  3 quokkas
  8 bats
  6 giant newts
  6 kobolds
  10 rats
66 creatures vanquished.

Notes
Turn   | Place    | Note
--------------------------------------------------------------
     0 | D:1      | gw the Deep Dwarf Transmuter began the quest for the Orb.
     0 | D:1      | Reached XP level 1. HP: 16/16 MP: 3/3
    37 | D:1      | Reached skill level 1 in Fighting
   453 | D:1      | Reached XP level 2. HP: 12/25 MP: 2/4
  4441 | D:1      | Reached skill level 1 in Armour
  5299 | D:2      | Reached XP level 3. HP: 3/31 MP: 3/6
  5333 | D:2      | Learned a level 3 spell: Spider Form
  5487 | D:2      | Reached skill level 3 in Unarmed Combat
  5758 | D:2      | Reached XP level 4. HP: 26/39 MP: 7/7
  6538 | D:3      | Reached XP level 5. HP: 38/45 MP: 8/8
  6544 | D:3      | Learned a level 4 spell: Ice Form
  7119 | D:3      | Noticed a giant frog
  7130 | D:3      | HP: 1/45 [giant frog (5)]
  7131 | D:3      | Slain by a giant frog

Action                   |  1- 3 |  4- 6 || total
-------------------------+-------+-------++-------
Melee: Unarmed           |   162 |   113 ||   275
 Cast: Beastly Appendage |    32 |    26 ||    58
Evoke: Wand              |     3 |     1 ||     4
  Eat: Chunk             |     7 |     5 ||    12
       Bread ration      |     2 |       ||     2

Vault maps used:
D:1:      minmay_arrival_glassed_features
D:3:      hangedman_decor_points, uniq_crazy_yiuf_cottage
